 Dungeon Crawl Stone Soup version 0.27-a0-906-g0a00ce863d (webtiles) character file.

Game seed: 8953917113779444788

40 wakim the Insei (level 3, -2/23 HPs)
             Began as an Octopode Transmuter on Apr 6, 2021.
             Slain by an adder (3 damage)
             ... on level 3 of the Dungeon.
             The game lasted 00:03:12 (1801 turns).

wakim the Insei (Octopode Transmuter)               Turns: 1801, Time: 00:03:12

Health: -2/23      AC:  1    Str:  9    XL:     3   Next: 50%
Magic:  5/6        EV: 13    Int: 16    God:
Gold:   53         SH:  0    Dex: 12    Spells: 2/6 levels left

rFire    . . .     SeeInvis .     - Unarmed
rCold    . . .     Faith    .   (no shield)
rNeg     . . .     Spirit   .   (helmet currently unavailable)
rPois    .         Reflect  .   (no amulet)
rElec    .         Harm     .   (no ring)
rCorr    .         Rampage  .   (no ring)
Will     .....                  (no ring)
Stlth    +++.......             (no ring)
HPRegen  0.07/turn              (no ring)
MPRegen  0.10/turn              (no ring)
                                (no ring)
                                (no ring)

@: lethally poisoned (-2 -> -6), appendages
A: tentacle spike 3, almost no armour, amphibious, 8 rings, camouflage 1,
gelatinous body 1, (nimble swimmer 1), tentacles
a: End Transformation


You were on level 3 of the Dungeon.
One of your tentacles had grown a beastly spike.
You visited 1 branch of the dungeon, and saw 3 of its levels.

You collected 53 gold pieces.

Inventory:

Wands
 y - a wand of paralysis (10)
Potions
 a - a potion of ambrosia {unknown}
 b - a potion of attraction {unknown}
 d - a potion of might {unknown}
 e - a potion of brilliance {unknown}
 g - a potion of degeneration {unknown}
 F - 2 potions of curing


   Skills:
 - Level 1.0 Fighting
 + Level 2.4 Dodging
 * Level 2.8 Stealth
 * Level 3.5 Unarmed Combat
 - Level 2.0 Spellcasting
 - Level 2.0 Transmutations


You had 2 spell levels left.
You knew the following spells:

 Your Spells              Type           Power      Damage    Failure   Level
a - Beastly Appendage     Tmut           16%        N/A       9%          1
x - Spider Form           Tmut/Pois      2%         N/A       38%         3

Your spell library contained the following spells:

 Spells                   Type           Power      Damage    Failure   Level
 Wereblood                Tmut           8%         N/A       14%         2
 Ice Form                 Ice/Tmut       4%         N/A       80%         4
 Hydra Form               Tmut           4%         N/A       94%         5


Dungeon Overview and Level Annotations

Branches:
Dungeon (3/15)

Altars:


Innate Abilities, Weirdness & Mutations

One of your tentacles has grown a beastly spike.
You cannot wear most types of armour.
You are amphibious.
You can wear up to eight rings at the same time.
Your skin changes colour to match your surroundings (Stealth+).
Your rubbery body absorbs attacks. (AC +1, EV +1)
((You are camouflaged near water. (Stealth+)))
You have tentacles for arms and can constrict up to eight enemies at once.


Message History

You see here a +0 robe.
There is a stone staircase leading down here.
There is an escape hatch in the ceiling here.
There is an escape hatch in the ceiling here.
There is a stone staircase leading down here.
You see here a +0 vorpal quarterstaff.
Done exploring.
You see here a +0 vorpal quarterstaff.
There is a stone staircase leading down here.
You climb downwards.
Found a white potion.
There is a stone staircase leading up here.
b - a white potion An adder comes into view.
Casting: Beastly Appendage (safe; 9% risk of failure)
Confirm with . or Enter, or press ? or * to list all spells.
One of your tentacles grows a vicious spike.
The adder hisses angrily.
You closely miss the adder. Your grab misses the adder. The adder bites you.
You are poisoned.
The adder poisons you! The adder bites you but does no damage.
You miss the adder. Your grab misses the adder. Your squeeze misses the adder.
You feel sick. The adder closely misses you.
You closely miss the adder. Your grab misses the adder.
You feel sick. The adder bites you.
You are more poisoned.
The adder poisons you!
You closely miss the adder. Your grab misses the adder.
You feel sick. The adder bites you.
* * * LOW HITPOINT WARNING * * *
You miss the adder. You grab the adder. You constrict the adder.
* * * LOW HITPOINT WARNING * * *
You feel sick. The adder misses you. The adder bites you.
* * * LOW HITPOINT WARNING * * *
You tentacle-slap the adder.
Your tentacle spike misses the adder.
The adder is heavily wounded.
You constrict the adder.
* * * LOW HITPOINT WARNING * * *
You feel sick. The adder bites you.
You die...

### ..#
############.#######
......S@............
############.######
#.# #.# #.# #.# #.#
#.# #.#


You could see an adder.

Vanquished Creatures
  2 dart slugs (D:1)
  3 ball pythons
  3 endoplasms (D:1)
  3 giant cockroaches (D:1)
  7 goblins
  4 bats
  3 frilled lizards
  5 kobolds
  6 rats
36 creatures vanquished.

Notes
Turn   | Place    | Note
-------+----------+-------------------------------------------
     0 | D:1      | wakim the Octopode Transmuter began the quest for the Orb.
     0 | D:1      | Reached XP level 1. HP: 13/13 MP: 3/3
   115 | D:1      | Reached skill level 1 in Stealth
   134 | D:1      | Reached XP level 2. HP: 18/18 MP: 3/5
   769 | D:1      | Reached XP level 3. HP: 23/23 MP: 4/6
  1235 | D:1      | Learned a level 3 spell: Spider Form
  1801 | D:3      | HP: 1/23 [poisoned by an adder]
  1801 | D:3      | Slain by an adder

Illustrated notes

Levels and vault maps discovered:
D:1:      minmay_arrival_radiant_lines, layout_basic, minmay_octomino_c4
D:2:      layout_basic
D:3:      layout_basic, nicolae_overflow_crystal_walls, minmay_misc_feat_square,
          minmay_circle_x

Skill      XL: |  1  2 |
---------------+-------+-----
Stealth        | 1 2 |  2.8
Fighting       | |  1.0
Dodging        | |  2.4
Unarmed Combat | |  3.5
Spellcasting   | |  2.0
Transmutations | |  2.0

Action                   || total
-------------------------++-------
Melee: Unarmed           ||    66
       Constrict         ||    26
       Tentacles         ||     9
       Kick              ||    17
       Punch             ||     1
 Cast: Beastly Appendage ||    23
  Use: Scroll            ||     5
 Stab: Sleeping          ||     9
Armor: Skin              ||     8
Dodge: Dodged            ||    26

Table legend: (Time is in decaauts)
 A = Elapsed time spent in this place.
 B = Non-inter-level travel time spent in this place.
 C = Inter-level travel time spent in this place.
 D = Time resting spent in this place.
 E = Time spent auto-exploring this place.
 F = Levels seen in this place.
 G = Mean time per level.
                   A        B        C        D        E       F      G
               +--------+--------+--------+--------+--------+-----+--------+
         Total |   1796 |   1726 |     70 |      0 |   1481 |   3 |  598.7 |
       Dungeon |   1796 |   1726 |     70 |      0 |   1481 |   3 |  598.7 |
               +--------+--------+--------+--------+--------+-----+--------+

Top non-repeatable levels by time:
     D:1: 1232 daAuts
     D:2: 527 daAuts
     D:3: 35 daAuts
